 Dungeon Crawl Stone Soup version 0.31-a0-1616-gbeaec30 (webtiles) character file.

Game seed: 14151482311418735026

816 PidgeyThePirate the Cutter (level 7, -3/51 HPs)
             Began as a Demonspawn Gladiator on Jan 10, 2024.
             Was an Initiate of Nemelex Xobeh.
             Slain by a gnoll sergeant
             ... wielding a +2 trident of freezing
              (12 damage)
             ... on level 4 of the Dungeon.
             The game lasted 00:07:20 (3717 turns).

PidgeyThePirate the Cutter (Demonspawn Gladiator)   Turns: 3717, Time: 00:07:20

Health: -3/51      AC: 10    Str: 14    XL:     7   Next: 62%
Magic:  9/9        EV: 12    Int:  8    God:    Nemelex Xobeh [......]
Gold:   115        SH:  0    Dex: 17    Spells: 6/6 levels left

rFire   . . .        a - +0 rapier
rCold   . . .        (no shield)
rNeg    . . .        f - +0 scale mail
rPois   .            c - +0 helmet
rElec   .            (no cloak)
rCorr   .            (no gloves)
SInv    .            t - +1 pair of boots
Will    .....        (no amulet)
Stlth   +            (no ring)
HPRegen 0.28/turn    (no ring)
MPRegen 0.11/turn

%: no passive effects
@: weakened
A: repulsion field 1, spiny 2, demonic touch 1
a: Renounce Religion, Draw Escape, Draw Destruction, Draw Summoning


You were on level 4 of the Dungeon.
You worshipped Nemelex Xobeh.
Nemelex Xobeh was noncommittal.
You visited 2 branches of the dungeon, and saw 6 of its levels.

You collected 115 gold pieces.

Inventory:

Hand Weapons
 a - a +0 rapier (weapon)
Missiles
 d - 3 throwing nets (quivered)
 e - a javelin
Armour
 b - a +0 leather armour
 c - a +0 helmet (worn)
 f - a +0 scale mail (worn)
 t - a +1 pair of boots (worn)
Wands
 r - a wand of charming (8)
Scrolls
 g - 5 scrolls of identify {unknown}
 i - 2 scrolls of brand weapon {unknown}
 k - 4 scrolls of teleportation {unknown}
 m - a scroll of butterflies {unknown}
 p - a scroll of immolation {unknown}
 q - a scroll of revelation {unknown}
 s - 2 scrolls of vulnerability {unknown}
Potions
 h - a potion of curing
 j - a potion of invisibility {unknown}
 l - a potion of degeneration {unknown}
 n - a potion of mutation {unknown}
 o - a potion of berserk rage {unknown}
 u - a potion of haste {unknown}


   Skills:
 + Level 2.8 Fighting
 * Level 6.3 Short Blades
 + Level 1.8 Throwing
 + Level 2.9 Armour
 + Level 3.3 Dodging
 + Level 1.4 Stealth
 * Level 3.7 Invocations


You had 6 spell levels left.
You didn't know any spells.
Your spell library contained the following spells:

 Spells                   Type           Power      Damage    Failure   Level
 Volatile Blastmotes      Fire/Tloc      0%         2d10      99%         3
 Fulminant Prism          Conj/Alch      0%         3d5       100%        4
 Iskenderun's Mystic Bla  Conj/Tloc      0%         2d3       100%        4


Dungeon Overview and Level Annotations

Branches:
Dungeon (5/15)             Temple (1/1) D:5

Altars:
Ashenzari
Cheibriados
Dithmenos
Fedhas
Hepliaklqana
Kikubaaqudgha
Makhleb
Nemelex Xobeh
Ru
Sif Muna
Uskayaw
Vehumet
Wu Jian
Xom
Yredelemnul


Innate Abilities, Weirdness & Mutations

You are surrounded by a mild repulsion field. (EV +2)
You are mostly covered in sharp spines.
Your touch may inflict minor irresistible damage on your foes.


Message History

The gnoll sergeant closely misses you.
You hit the gnoll sergeant.
You touch the gnoll sergeant!
The gnoll sergeant is severely wounded.
The gnoll bouda calls upon its god to heal the gnoll sergeant.
The gnoll sergeant is healed somewhat.
You closely miss the gnoll sergeant.
The gnoll sergeant is heavily wounded.
The gnoll sergeant is struck by your spines.
The gnoll sergeant hits you but does no damage.
The gnoll bouda hits you with a +0 whip.
You hit the gnoll sergeant but do no damage.
Your touch misses the gnoll sergeant.
The gnoll sergeant is heavily wounded.
The gnoll sergeant splashes around in the water.
You hit the gnoll sergeant but do no damage.
The gnoll sergeant is heavily wounded.
The gnoll bouda barely misses you.
The gnoll sergeant hits you with a +2 trident of freezing.
The gnoll sergeant freezes you.
You hit the gnoll sergeant.
The gnoll sergeant is severely wounded.
The gnoll bouda calls upon its god to heal the gnoll sergeant.
The gnoll sergeant is healed somewhat.
The gnoll sergeant hits you with a +2 trident of freezing.
The gnoll sergeant freezes you.
You hit the gnoll sergeant but do no damage.
Your punch misses the gnoll sergeant.
The gnoll sergeant is heavily wounded.
The gnoll bouda is struck by your spines.
The gnoll bouda hits you with a +0 whip.
The gnoll sergeant hits you with a +2 trident of freezing!
* * * LOW HITPOINT WARNING * * *
The gnoll sergeant freezes you.
* * * LOW HITPOINT WARNING * * *
It was a potion of curing.
You feel better.
The gnoll bouda is struck by your spines.
The gnoll bouda barely misses you.
The gnoll sergeant hits you with a +2 trident of freezing!
You die...
Your body disappears without a glow.

.g.......# #.~~ ...o..g..# #.~~
#....g.)# #.~~
#################'# #.~≈
.....'..).))g.....# #.~≈
.....#...)#.......# g.#.~≈ ...
#....#.g.....# #'###≈
###########''''#############...#~
................@g.........#ggg#≈
≈~~~~~~~~~~....g≈~~≈~~~~≈~≈#####≈
≈≈≈≈≈≈~≈≈~~....~≈≈≈≈≈≈≈≈≈~≈≈≈≈≈≈≈
≈≈~~≈~~≈~~~....~~~~~~~~)~≈~~≈~~~~
............[.....))...))........
####..#######...###.#############
#..# ##))# #.## #..# ##[# #..#
#..#########.####.##########


You could see a gnoll sergeant (swift) and a gnoll bouda.

Vanquished Creatures
  A black bear (D:4)
  A sky beast (D:4)
  A centaur (D:5)
  2 howler monkeys (D:4)
  2 jellies (D:4)
  An orc priest (D:3)
  Terence (D:2)
  A sleepcap (D:4)
  Robin (D:3)
  15 gnolls
  5 adders
  A white imp (D:5)
  4 ribbon worms
  A dart slug (D:2)
  9 orcs
  7 endoplasms
  6 giant cockroaches
  14 goblins
  13 hobgoblins
  17 jackals
  9 kobolds
  3 quokkas
  4 ball pythons
  3 bats
  3 frilled lizards
  4 rats
129 creatures vanquished.

Notes
Turn   | Place    | Note
-------+----------+-------------------------------------------
     0 | D:1      | PidgeyThePirate the Demonspawn Gladiator began the quest
                  | for the Orb.
     0 | D:1      | Reached XP level 1. HP: 16/16 MP: 1/1
   311 | D:1      | Gained mutation: You are partially covered in sharp spines.
                  | [demonic ancestry]
   311 | D:1      | Reached XP level 2. HP: 22/22 MP: 2/2
   321 | D:1      | Reached skill level 3 in Short Blades
   499 | D:1      | Reached skill level 1 in Invocations
   857 | D:2      | Gained mutation: Your touch may inflict minor irresistible
                  | damage on your foes. [demonic ancestry]
   857 | D:2      | Reached XP level 3. HP: 27/27 MP: 3/3
   969 | D:2      | Noticed Terence
   979 | D:2      | Killed Terence
   980 | D:2      | Reached skill level 1 in Armour
   980 | D:2      | Gained mutation: You are mostly covered in sharp spines.
                  | [demonic ancestry]
   980 | D:2      | Reached XP level 4. HP: 7/33 MP: 4/4
  1190 | D:2      | Reached skill level 4 in Short Blades
  1815 | D:3      | Found an ancient bone altar of Kikubaaqudgha.
  1843 | D:3      | Identified the +8 whip of Lethuoqau {heavy, rPois rC+
                  | Int+2}
  1911 | D:3      | Reached XP level 5. HP: 32/38 MP: 4/6
  1984 | D:3      | Noticed Robin
  2006 | D:3      | Killed Robin
  2013 | D:3      | Reached skill level 1 in Stealth
  2811 | D:4      | Gained mutation: You are surrounded by a mild repulsion
                  | field. (EV +2) [demonic ancestry]
  2811 | D:4      | Reached XP level 6. HP: 44/44 MP: 7/7
  2833 | D:4      | Reached skill level 5 in Short Blades
  2888 | D:4      | Found a shadowy altar of Dithmenos.
  2897 | D:4      | Found a basalt altar of Yredelemnul.
  3127 | D:4      | Noticed a sky beast
  3135 | D:4      | Killed a sky beast
  3174 | D:4      | Reached XP level 7. HP: 51/51 MP: 9/9
  3286 | D:5      | Entered Level 5 of the Dungeon
  3288 | D:5      | Found a staircase to the Ecumenical Temple.
  3298 | Temple   | Entered the Ecumenical Temple
  3309 | Temple   | Became a worshipper of Nemelex Xobeh the Trickster
  3424 | D:5      | Reached skill level 6 in Short Blades
  3717 | D:4      | Slain by a gnoll sergeant

Illustrated notes

Levels and vault maps discovered:
D:1:      minmay_arrival_up_and_down, layout_loops_ring
D:2:      layout_basic, serial_rivers, chequers_serial_rivers_marsh,
          chequers_serial_rivers_micro_e, chequers_serial_rivers_small_3,
          chequers_serial_rivers_small_3, uniq_terence
D:3:      cheibrodos_pilgrimage, layout_loops_ring, overflow_temple_1_default,
          mainiacjoe_overflow_brackets, amethyst_killhole, st_stairs_4,
          uniq_robin
D:4:      lemuel_castle_with_subvaults [lemuel_castle_interior_carwin_3],
          layout_loops_ring, chequers_temple_overflow_statue_of_worship
D:5:      layout_cave_pools, nicolae_gozag_cash_rules_everything_around_me,
          minmay_temple_entry_junction, serial_bayou_pond_a, dk_noncrumbling_3,
          nicolae_tricolors, uniq_ijyb
Temple:   nicolae_temple_ecumenical_triangle

Skill      XL: |  1  2  3  4  5  6  7 |
---------------+----------------------+-----
Short Blades   | 3 4 5 6 |  6.3
Invocations    | 1 2 3 |  3.7
Dodging        | 3 |  3.3
Armour         | 1 2 |  2.9
Stealth        | 1 |  1.4
Fighting       | |  2.8
Throwing       | |  1.8

Action                     |  1- 3 |  4- 6 |  7- 9 || total
---------------------------+-------+-------+-------++-------
  Melee: Rapier            |    79 |   124 |    70 ||   273
         Touch             |     3 |    21 |    12 ||    36
         Punch             |       |     2 |     2 ||     4
    Use: Potion            |       |       |     1 ||     1
 Armour: Leather armour    |     7 |       |       ||     7
         Scale mail        |    40 |    71 |    57 ||   168
  Dodge: Dodged            |    47 |    56 |    50 ||   153

Table legend: (Time is in decaauts)
 A = Elapsed time spent in this place.
 B = Non-inter-level travel time spent in this place.
 C = Inter-level travel time spent in this place.
 D = Time resting spent in this place.
 E = Time spent auto-exploring this place.
 F = Levels seen in this place.
 G = Mean time per level.
                   A        B        C        D        E       F      G
               +--------+--------+--------+--------+--------+-----+--------+
         Total |   3730 |   3606 |    124 |      0 |   2745 |   6 |  621.7 |
       Dungeon |   3629 |   3505 |    124 |      0 |   2665 |   5 |  725.8 |
        Temple |    100 |    100 |      0 |      0 |     80 |   1 |  100.0 |
               +--------+--------+--------+--------+--------+-----+--------+

Top non-repeatable levels by time:
     D:2: 1015 daAuts
     D:4: 923 daAuts
     D:3: 820 daAuts
     D:1: 798 daAuts
  Temple: 100 daAuts
     D:5: 72 daAuts
